 Dungeon Crawl Stone Soup version 0.31-a0-217-g58bb5d79cf (webtiles) character file.

Game seed: 11510524613849145060

8150 qw the Cleaver (level 11, -14/71 HPs)
             Began as a Gargoyle Fighter on July 2, 2023.
             Was a Priest of Okawaru.
             Demolished by Fannar
             ... wielding a staff of cold
              (17 damage)
             ... on level 1 of the Lair of Beasts.
             The game lasted 00:05:37 (9141 turns).

qw the Cleaver (Gargoyle Fighter)                   Turns: 9141, Time: 00:05:38

Health: -14/71     AC: 31    Str: 25    XL:     11   Next: 26%
Magic:  14/14      EV:  9    Int:  8    God:    Okawaru [***...]
Gold:   379        SH:  6    Dex:  9    Spells: 10/10 levels left

rFire   . . .        j - +1 war axe (vamp)
rCold   . . .        c - +0 buckler
rNeg    + . .        s - +0 plate armour
rPois   inf          h - +0 helmet
rElec   +            t - +2 cloak {rCorr}
rCorr   +            a - +1 pair of gloves
SInv    .            (no boots)
Will    .....        (no amulet) Stlth
                     (no ring)
HPRegen 0.31/turn    (no ring)
MPRegen 0.14/turn

%: no passive effects
@: heroic
A: sickness immunity, AC +8, negative energy resistance 1, electricity
resistance, torment resistance 1, petrification resistance
a: Renounce Religion, Heroism


You were on level 1 of the Lair of Beasts.
You worshipped Okawaru.
Okawaru was most pleased with you.
You visited 3 branches of the dungeon, and saw 11 of its levels.
You also visited: Sewer.

You collected 712 gold pieces.
You spent 333 gold pieces at shops.


Innate Abilities, Weirdness & Mutations

You are immune to sickness and miasma.
Your stone body is resilient. (AC +8)
You are immune to poison.
You resist negative energy. (rN+)
You are resistant to electric shocks. (rElec)
You are resistant to unholy torment.
You are immune to petrification.


   Skills:
 - Level 9.1(14.1) Fighting
 + Level 11.2(16.2) Axes
 - Level 3.0(8.0) Throwing
 - Level 8.3(13.3) Armour
 - Level 1.1(6.1) Dodging
 - Level 5.0(10.0) Shields
 - Level 4.2 Invocations


You had 10 spell levels left.
You didn't know any spells.
Your spell library was empty.

Inventory:

Hand Weapons
 f - a +0 war axe
 j - a +1 vampiric war axe (weapon)
 p - a +0 morningstar
Missiles
 q - a javelin (quivered)
Armour
 a - a +1 pair of gloves (worn)
 c - a +0 buckler (worn)
 h - a +0 helmet (worn)
 s - a +0 plate armour (worn)
 t - a +2 cloak of preservation (worn)
Wands
 i - a wand of digging (6)
Scrolls
 m - 3 scrolls of identify
 u - a scroll of brand weapon
Potions
 b - a potion of degeneration {unknown}
 d - 6 potions of might
 e - a potion of enlightenment
 g - 2 potions of attraction
 k - 3 potions of magic
 n - a potion of lignification
 o - 3 potions of mutation
 r - a potion of haste

Dungeon Overview and Level Annotations

Branches:
Dungeon (9/15)             Temple (1/1) D:6            Lair (1/5) D:9
    Orc (0/2) D:9           Sewer (visited)

Altars:
Ashenzari
Fedhas
Gozag
Hepliaklqana
Makhleb
Nemelex Xobeh
Okawaru
Qazlal
Ru
Sif Muna
Trog
Uskayaw
Vehumet
Wu Jian
Xom
Yredelemnul
Zin
The Shining One

Shops:
D:5 *:   D:6 [

Portals:
Bailey: D:7

Annotations:
D:2 1 runed translucent door, Crazy Yiuf
D:8 exclusion: electric eel
Lair:1 Fannar


Message History

Fannar is lightly wounded.
Fannar casts a spell.
You slash Fannar!
Fannar is moderately wounded.
Fannar hits you with a staff of cold. Fannar freezes you.
You slash Fannar!
Fannar is heavily wounded.
You hit Fannar.
You feel better.
Fannar is heavily wounded.
Fannar hits you but does no damage. Fannar freezes you.
You slash Fannar!
You feel better.
Fannar is severely wounded.
You slash the ice beast! You block Fannar's attack.
You closely miss Fannar.
Fannar is severely wounded.
You hit the ice beast but do no damage. The ice beast completely misses you.
Fannar says, "Freeze!"
Fannar hits you but does no damage. Fannar freezes you!
You closely miss Fannar.
Fannar is severely wounded.
You closely miss the ice beast. The ice beast barely misses you.
You closely miss Fannar.
Fannar is severely wounded.
You barely miss the ice beast.
Fannar casts a spell.
Fannar drains the heat from the surrounding environment!
The ice beast hits you but does no damage.
You hit Fannar.
Fannar is severely wounded.
You hit the ice beast. Fannar hits you with a staff of cold.
You closely miss Fannar.
Fannar is severely wounded.
You closely miss the ice beast. You block the ice beast's attack.
Fannar hits you but does no damage. Fannar freezes you!
You die...

## ...>.#. ...# .###...
....... ..... #..#....
...#.#.. e.(...
........##.......
......
.}.....##.......# ....#
................##.)#.#
...}.#...........e....#
.....# .........@Y....#
.}....##~~~~~~........#
.......#~~~~~~........#
####....####~~.#.#..#.#
### #...##.#~~.###....#
#.## }...#~~.# .....#
...### #.....# .#...
.....##. ###~~.# .....
........ #~~.# #...


You could see Fannar and an ice beast (summoned).

Vanquished Creatures
  A centaur warrior (D:9)
  2 two-headed ogres
  An ugly thing (D:8)
  Joseph (D:9)
  A cane toad (Lair:1)
  A komodo dragon (Lair:1)
  2 trolls
  3 hornets
  4 blink frogs (Lair:1)
  A shadow (D:9)
  A basilisk (D:6)
  Menkaure (D:4)
  2 orc warriors
  2 sky beasts (D:6)
  3 black bears
  2 ice beasts
  3 ogres
  2 centaurs (D:9)
  4 bullfrogs
  A gnoll sergeant (D:6)
  A kobold brigand (D:8)
  5 wights
  7 electric eels
  3 howler monkeys (D:9)
  2 jellies
  3 hounds
  An orc priest (D:9)
  2 sleepcaps
  2 iguanas
  7 orc wizards
  4 gnolls (D:6)
  7 adders
  A river rat (Sewer)
  A shadow imp (D:6)
  2 white imps (D:7)
  3 worms
  2 dart slugs
  39 orcs
  9 endoplasms
  3 giant cockroaches
  12 goblins
  8 hobgoblins
  9 jackals
  3 quokkas
  13 ball pythons
  5 bats
  4 frilled lizards
  10 kobolds
  8 rats
214 creatures vanquished.

Vanquished Creatures (others)
  An adder (D:6)
  A kobold (D:8)
2 creatures vanquished.

Grand Total: 216 creatures vanquished

Notes
Turn   | Place    | Note
-------+----------+-------------------------------------------
     0 | D:1      | qw the Gargoyle Fighter began the quest for the Orb.
     0 | D:1      | Reached XP level 1. HP: 14/14 MP: 1/1
     0 | D:1      | 0 ||| qw: Version: 0.3-a-40-ge99b1a8
     0 | D:1      | 0 ||| qw: Game counter: 112
     0 | D:1      | 0 ||| qw: Melee chars always use a shield: true
     0 | D:1      | 0 ||| qw: God list: Okawaru
     0 | D:1      | 0 ||| qw: Allow faded altars: false
     0 | D:1      | 0 ||| qw: Do Orc after clearing Dungeon:15 true
     0 | D:1      | 0 ||| qw: Do second Lair branch before Depths: true
     0 | D:1      | 0 ||| qw: Lair rune preference: random
     0 | D:1      | 0 ||| qw: Goals: Normal, Zot:1-4, Slime:5, God:TSO, Crypt,
                  | Tomb, Abyss, Pan, Hells, Win
     0 | D:1      | 0 ||| PLANNING D:1-11
    95 | D:1      | Reached skill level 2 in Axes
   138 | D:1      | Reached XP level 2. HP: 19/19 MP: 2/2
   362 | D:1      | 362 ||| Stepping ~*~*~tactically~*~*~ (hiding).
   363 | D:1      | 363 ||| Stepping ~*~*~tactically~*~*~ (hiding).
   365 | D:1      | 365 ||| Stepping ~*~*~tactically~*~*~ (hiding).
   549 | D:1      | Reached skill level 3 in Axes
   590 | D:1      | Reached XP level 3. HP: 23/23 MP: 3/3
   763 | D:1      | 763 ||| READING scroll labelled LICYRPH HUMIES.
   764 | D:1      | 764 ||| READING scroll labelled ZANYODGH VOTI.
   781 | D:1      | 781 ||| READING scroll labelled JEORUPH JIADGHU.
   784 | D:1      | 784 ||| READING scroll labelled KONIBLU SYKK.
   785 | D:1      | 785 ||| DRINKING 2 sapphire potions.
   991 | D:2      | Found a runed translucent door.
   992 | D:2      | Noticed Crazy Yiuf
  1064 | D:2      | 1064 ||| DROPPING +0 club.
  1194 | D:2      | 1194 ||| Stepping ~*~*~tactically~*~*~ (stealth).
  1350 | D:2      | 1350 ||| Stepping ~*~*~tactically~*~*~ (hiding).
  1829 | D:2      | 1829 ||| UPGRADING to +0 pair of gloves.
  1834 | D:2      | 1834 ||| DROPPING scarf of shadows.
  1835 | D:2      | 1835 ||| READING scroll labelled JOSEANW QUOMETT.
  1900 | D:3      | Reached XP level 4. HP: 28/28 MP: 4/4
  1964 | D:3      | 1964 ||| Stepping ~*~*~tactically~*~*~ (stealth).
  1965 | D:3      | 1965 ||| Stepping ~*~*~tactically~*~*~ (stealth).
  1967 | D:3      | 1967 ||| Stepping ~*~*~tactically~*~*~ (stealth).
  1993 | D:3      | Reached skill level 4 in Axes
  2050 | D:3      | Noticed a black bear
  2057 | D:3      | Killed a black bear
  2058 | D:3      | Reached skill level 5 in Axes
  2058 | D:3      | Reached XP level 5. HP: 18/32 MP: 5/5
  2349 | D:3      | 2349 ||| DROPPING +0 whip.
  2531 | D:3      | 2531 ||| READING scroll labelled BYMMIE XIGIYM.
  2553 | D:3      | 2553 ||| READING scroll labelled XECROO XEIDDU.
  2554 | D:3      | 2554 ||| READING scroll labelled CEOMEOJ TENELILL.
  2570 | D:4      | Found a glowing drain.
  2571 | D:4      | 2571 ||| PLANNING SEWER
  2571 | D:4      | 2571 ||| STAIRDANCE
  2575 | D:4      | 2575 ||| STAIRDANCE
  2579 | D:4      | 2579 ||| STAIRDANCE
  2586 | D:4      | 2586 ||| STAIRDANCE
  2640 | Sewer    | Entered a sewer
  2698 | Sewer    | 2698 ||| READING scroll of enchant armour.
  2698 | Sewer    | 2698 ||| ENCHANTING +0 pair of gloves.
  2838 | Sewer    | Reached XP level 6. HP: 38/38 MP: 6/6
  2888 | Sewer    | 2888 ||| READING scroll labelled QEUCUV FUOCURO.
  2889 | Sewer    | 2889 ||| DRINKING 2 purple potions.
  2890 | Sewer    | 2890 ||| DRINKING 2 murky emerald potions.
  2891 | Sewer    | 2891 ||| READING 3 scrolls of identify.
  2891 | Sewer    | 2891 ||| IDENTIFYING amethyst potion
  2892 | Sewer    | 2892 ||| READING 2 scrolls of identify.
  2892 | Sewer    | 2892 ||| IDENTIFYING fizzy orange potion
  2893 | Sewer    | 2893 ||| DROPPING potion of brilliance.
  2930 | D:4      | 2930 ||| PLANNING D:1-11
  2983 | D:4      | Reached skill level 1 in Dodging
  3084 | D:4      | Noticed Menkaure
  3092 | D:4      | Killed Menkaure
  3093 | D:4      | Reached skill level 6 in Axes
  3171 | D:4      | Reached XP level 7. HP: 43/43 MP: 7/7
  3190 | D:4      | 3190 ||| Stepping ~*~*~tactically~*~*~ (stealth).
  3291 | D:4      | Found a burning altar of Makhleb.
  3291 | D:4      | Noticed a blizzard demon
  3340 | D:4      | Found a hazy altar of Hepliaklqana.
  3558 | D:4      | 3558 ||| FLEEEEING.
  3561 | D:4      | 3561 ||| DRINKING potion of curing.
  3561 | D:4      | 3561 ||| (to cure confusion)
  3778 | D:4      | 3778 ||| READING scroll labelled QAJI HOGOODGH.
  3836 | D:5      | Entered Level 5 of the Dungeon
  4020 | D:5      | 4020 ||| DROPPING +0 mace.
  4040 | D:5      | Reached skill level 7 in Axes
  4041 | D:5      | 4041 ||| FLEEEEING.
  4042 | D:5      | 4042 ||| FLEEEEING.
  4043 | D:5      | 4043 ||| FLEEEEING.
  4044 | D:5      | 4044 ||| FLEEEEING.
  4045 | D:5      | 4045 ||| FLEEEEING.
  4046 | D:5      | 4046 ||| FLEEEEING.
  4047 | D:5      | 4047 ||| FLEEEEING.
  4048 | D:5      | 4048 ||| FLEEEEING.
  4049 | D:5      | 4049 ||| FLEEEEING.
  4050 | D:5      | 4050 ||| FLEEEEING.
  4051 | D:5      | 4051 ||| FLEEEEING.
  4052 | D:5      | 4052 ||| FLEEEEING.
  4053 | D:5      | 4053 ||| FLEEEEING.
  4054 | D:5      | 4054 ||| FLEEEEING.
  4055 | D:5      | 4055 ||| STAIRDANCE
  4076 | D:4      | 4076 ||| READING scroll labelled WOOGEU XYADGH.
  4077 | D:4      | 4077 ||| READING 3 scrolls of identify.
  4077 | D:4      | 4077 ||| IDENTIFYING clear potion
  4078 | D:4      | 4078 ||| READING 2 scrolls of identify.
  4078 | D:4      | 4078 ||| IDENTIFYING fuming orange potion
  4082 | D:5      | 4082 ||| STAIRDANCE
  4229 | D:5      | 4229 ||| Stepping ~*~*~tactically~*~*~ (stealth).
  4230 | D:5      | 4230 ||| Stepping ~*~*~tactically~*~*~ (stealth).
  4231 | D:5      | 4231 ||| Stepping ~*~*~tactically~*~*~ (stealth).
  4239 | D:5      | 4239 ||| Stepping ~*~*~tactically~*~*~ (stealth).
  4242 | D:5      | 4242 ||| Stepping ~*~*~tactically~*~*~ (stealth).
  4262 | D:5      | 4262 ||| DROPPING +0 hand axe.
  4298 | D:5      | 4298 ||| Stepping ~*~*~tactically~*~*~ (hiding).
  4312 | D:5      | Reached XP level 8. HP: 49/49 MP: 8/8
  4340 | D:5      | 4340 ||| DROPPING +0 mace of draining.
  4364 | D:5      | Reached skill level 1 in Throwing
  4401 | D:5      | Found Vecamn's General Store.
  4405 | D:5      | 4405 ||| BUYING +2 cloak of preservation (279 gold).
  4405 | D:5      | Bought a +2 cloak of preservation for 279 gold pieces
  4405 | D:5      | 4405 ||| SHOPLISTING potion of haste (130 gold, have 49).
  4405 | D:5      | 4405 ||| SHOPLISTING ring of willpower (325 gold, have 49).
  4443 | D:5      | HP: 10/49 [black bear (11)]
  4444 | D:5      | 4444 ||| DRINKING 2 potions of heal wounds.
  4726 | D:5      | Found Meimpu's Book Boutique.
  4764 | D:5      | Reached skill level 8 in Axes
  4823 | D:5      | 4823 ||| UPGRADING to +2 cloak of preservation.
  4828 | D:5      | 4828 ||| DROPPING ring of wizardry.
  4829 | D:5      | 4829 ||| READING scroll labelled SYSTRA ODEXU.
  4830 | D:5      | 4830 ||| READING scroll labelled YMEONK SAIDEQO.
  4831 | D:5      | 4831 ||| DRINKING 2 golden potions.
  4863 | D:6      | 4863 ||| Stepping ~*~*~tactically~*~*~ (water).
  4887 | D:6      | Reached skill level 6 in Fighting
  4887 | D:6      | Found Guideorre's Armour Shoppe.
  4892 | D:6      | 4892 ||| Stepping ~*~*~tactically~*~*~ (water).
  4934 | D:6      | 4934 ||| Stepping ~*~*~tactically~*~*~ (stealth).
  4935 | D:6      | 4935 ||| Stepping ~*~*~tactically~*~*~ (stealth).
  4937 | D:6      | 4937 ||| Stepping ~*~*~tactically~*~*~ (stealth).
  4950 | D:6      | 4950 ||| Stepping ~*~*~tactically~*~*~ (stealth).
  4973 | D:6      | 4973 ||| Stepping ~*~*~tactically~*~*~ (stealth).
  5021 | D:6      | 5021 ||| BUYING +0 chain mail (54 gold).
  5021 | D:6      | Bought a +0 chain mail for 54 gold pieces
  5021 | D:6      | 5021 ||| SHOPLISTING +1 helmet (138 gold, have 32).
  5021 | D:6      | 5021 ||| SHOPLISTING +1 pair of boots (138 gold, have 32).
  5072 | D:6      | 5072 ||| Stepping ~*~*~tactically~*~*~ (stealth).
  5112 | D:6      | 5112 ||| UPGRADING to +0 chain mail.
  5178 | D:6      | 5178 ||| Stepping ~*~*~tactically~*~*~ (water).
  5195 | D:6      | 5195 ||| DROPPING +0 scale mail.
  5204 | D:6      | 5204 ||| UPGRADING to +1 chain mail of willpower.
  5214 | D:6      | 5214 ||| DROPPING +0 chain mail.
  5248 | D:6      | Found a glowing silver altar of Zin.
  5251 | D:6      | 5251 ||| Stepping ~*~*~tactically~*~*~ (hiding).
  5252 | D:6      | 5252 ||| Stepping ~*~*~tactically~*~*~ (hiding).
  5253 | D:6      | 5253 ||| Stepping ~*~*~tactically~*~*~ (hiding).
  5413 | D:6      | Found a staircase to the Ecumenical Temple.
  5414 | D:6      | 5414 ||| PLANNING TEMPLE
  5422 | Temple   | Entered the Ecumenical Temple
  5477 | Temple   | 5477 ||| PLANNING OKAWARU WORSHIP
  5551 | Temple   | Became a worshipper of Warmaster Okawaru
  5552 | Temple   | 5552 ||| PLANNING D:1-11
  5611 | D:6      | 5611 ||| Stepping ~*~*~tactically~*~*~ (water).
  5704 | D:6      | Reached XP level 9. HP: 47/55 MP: 9/9
  5887 | D:6      | Reached skill level 9 in Axes
  5892 | D:6      | Noticed a troll
  5892 | D:6      | Noticed a two-headed ogre
  5897 | D:6      | HP: 12/55 [two-headed ogre/+0 giant club (12)]
  5898 | D:6      | 5898 ||| DRINKING 3 potions of heal wounds.
  5899 | D:6      | Killed a troll
  5908 | D:6      | Killed a two-headed ogre
  6179 | D:6      | 6179 ||| READING 2 scrolls of identify.
  6179 | D:6      | 6179 ||| IDENTIFYING fizzy inky potion
  6220 | D:7      | 6220 ||| STAIRDANCE
  6232 | D:6      | Reached * piety under Okawaru
  6239 | D:7      | 6239 ||| Stepping ~*~*~tactically~*~*~ (hiding).
  6240 | D:7      | 6240 ||| Stepping ~*~*~tactically~*~*~ (hiding).
  6242 | D:7      | 6242 ||| Stepping ~*~*~tactically~*~*~ (hiding).
  6358 | D:7      | 6358 ||| INVOKING Heroism.
  6432 | D:7      | Found a flagged portal.
  6472 | D:7      | 6472 ||| DROPPING +0 flail.
  6481 | D:7      | Found a shimmering blue altar of Sif Muna.
  6596 | D:7      | Found a glowing golden altar of the Shining One.
  6598 | D:7      | Noticed an angel
  6604 | D:7      | Found a basalt altar of Yredelemnul.
  6606 | D:7      | Noticed a profane servitor
  6627 | D:7      | 6627 ||| INVOKING Heroism.
  6763 | D:7      | 6763 ||| DROPPING orb of light.
  6764 | D:7      | 6764 ||| READING scroll labelled FUFUCO EGHUHU.
  6765 | D:7      | 6765 ||| READING 2 scrolls of identify.
  6765 | D:7      | 6765 ||| IDENTIFYING brown potion
  6766 | D:7      | 6766 ||| DROPPING potion of ambrosia.
  6796 | D:8      | Noticed a hornet
  6803 | D:8      | 6803 ||| STAIRDANCE
  6805 | D:7      | Killed a hornet
  6806 | D:7      | Reached skill level 10 in Axes
  6806 | D:7      | Reached XP level 10. HP: 50/64 MP: 10/10
  6854 | D:8      | 6854 ||| Stepping ~*~*~tactically~*~*~ (stealth).
  6865 | D:8      | 6865 ||| DROPPING +4 hand axe.
  6923 | D:8      | 6923 ||| UPGRADING to +0 helmet.
  6931 | D:8      | 6931 ||| INVOKING Heroism.
  6942 | D:8      | 6942 ||| FLEEEEING.
  6943 | D:8      | 6943 ||| FLEEEEING.
  6944 | D:8      | 6944 ||| FLEEEEING.
  7086 | D:8      | Found a broken altar of Ashenzari.
  7208 | D:8      | 7208 ||| Stepping ~*~*~tactically~*~*~ (hiding).
  7231 | D:8      | 7231 ||| INVOKING Heroism.
  7236 | D:8      | Reached skill level 6 in Armour
  7319 | D:8      | 7319 ||| FLEEEEING.
  7320 | D:8      | 7320 ||| FLEEEEING.
  7321 | D:8      | 7321 ||| FLEEEEING.
  7322 | D:8      | 7322 ||| FLEEEEING.
  7323 | D:8      | 7323 ||| FLEEEEING.
  7324 | D:8      | 7324 ||| FLEEEEING.
  7325 | D:8      | 7325 ||| FLEEEEING.
  7326 | D:8      | 7326 ||| FLEEEEING.
  7333 | D:8      | 7333 ||| FLEEEEING.
  7490 | D:8      | Noticed a purple ugly thing
  7502 | D:8      | Killed a purple ugly thing
  7619 | D:8      | Found an ornate altar of the Wu Jian Council.
  7788 | D:8      | 7788 ||| UPGRADING to +0 plate armour.
  7798 | D:8      | 7798 ||| DROPPING +1 chain mail of willpower.
  7799 | D:8      | 7799 ||| READING scroll labelled UKEUDAIVUO.
  7800 | D:8      | 7800 ||| READING 2 scrolls of identify.
  7800 | D:8      | 7800 ||| IDENTIFYING fuming pink potion
  7801 | D:8      | 7801 ||| DROPPING potion of invisibility.
  7809 | D:9      | 7809 ||| INVOKING Heroism.
  7818 | D:9      | Reached skill level 1 in Invocations
  7853 | D:9      | 7853 ||| INVOKING Heroism.
  7855 | D:9      | 7855 ||| Stepping ~*~*~tactically~*~*~ (stealth).
  7866 | D:9      | 7866 ||| INVOKING Heroism.
  7934 | D:9      | Found a bloodstained altar of Trog.
  7954 | D:9      | 7954 ||| READING scroll of enchant weapon.
  7954 | D:9      | 7954 ||| ENCHANTING +0 vampiric war axe.
  7982 | D:9      | Noticed a two-headed ogre
  7983 | D:9      | 7983 ||| INVOKING Heroism.
  7993 | D:9      | Killed a two-headed ogre
  7993 | D:9      | Reached ** piety under Okawaru
  7994 | D:9      | Reached skill level 3 in Throwing
  7994 | D:9      | Reached skill level 3 in Invocations
  8211 | D:9      | Found a staircase to the Lair.
  8221 | D:9      | Found an opulent altar of Gozag.
  8259 | D:9      | Noticed a centaur warrior
  8260 | D:9      | 8260 ||| Stepping ~*~*~tactically~*~*~ (hiding).
  8272 | D:9      | 8272 ||| INVOKING Heroism.
  8276 | D:9      | Killed a centaur warrior
  8281 | D:9      | Reached *** piety under Okawaru
  8326 | D:9      | 8326 ||| Stepping ~*~*~tactically~*~*~ (stealth).
  8327 | D:9      | 8327 ||| Stepping ~*~*~tactically~*~*~ (stealth).
  8333 | D:9      | 8333 ||| DRINKING potion of curing.
  8333 | D:9      | 8333 ||| (to cure confusion)
  8453 | D:9      | Noticed Joseph
  8469 | D:9      | Killed Joseph
  8470 | D:9      | Reached XP level 11. HP: 68/68 MP: 14/14
  8499 | D:9      | Found a hide-covered altar of Uskayaw.
  8549 | D:9      | 8549 ||| Stepping ~*~*~tactically~*~*~ (hiding).
  8550 | D:9      | 8550 ||| Stepping ~*~*~tactically~*~*~ (hiding).
  8703 | D:9      | Found a staircase to the Orcish Mines.
  8738 | D:9      | Reached skill level 11 in Axes
  8806 | D:9      | 8806 ||| PLANNING LAIR
  8849 | Lair:1   | Entered Level 1 of the Lair of Beasts
  8850 | Lair:1   | 8850 ||| INVOKING Heroism.
  8876 | Lair:1   | 8876 ||| INVOKING Heroism.
  8900 | Lair:1   | 8900 ||| INVOKING Heroism.
  8985 | Lair:1   | 8985 ||| INVOKING Heroism.
  8998 | Lair:1   | Reached skill level 9 in Fighting
  9113 | Lair:1   | 9113 ||| INVOKING Heroism.
  9114 | Lair:1   | Noticed Fannar
  9123 | Lair:1   | HP: 14/71 [Fannar/staff of cold (13)]
  9124 | Lair:1   | 9124 ||| DRINKING 2 potions of heal wounds.
  9129 | Lair:1   | HP: 13/71 [Fannar/staff of cold (22)]
  9130 | Lair:1   | 9130 ||| DRINKING potion of heal wounds.
  9137 | Lair:1   | HP: 12/71 [Fannar/staff of cold (13)]
  9140 | Lair:1   | HP: 3/71 [Fannar/staff of cold (4)]
  9141 | Lair:1   | Demolished by Fannar

Levels and vault maps discovered:
D:1:      minmay_arrival_doors, layout_basic, hangedman_decor_diamond_cutter
D:2:      layout_loops_corners, uniq_crazy_yiuf_cottage
D:3:      layout_basic
D:4:      cheibrodos_greedy_goblins, layout_basic,
          worldfamousw_hep_ancestral_shrine, makhleb_altar_promises_db,
          cheibrodos_sewer_entry_sluice, uniq_menkaure
D:5:      layout_basic, serial_shops, shop, nicolae_shop_rolling_square,
          hangedman_abyss_or_decor_passed, minmay_fractal_squares_diagonal_5
D:6:      minmay_cornered_nines, layout_rooms, amcnicky_altar_gilded,
          minmay_temple_entry_overgrown, serial_bayou, serial_bayou_lake_a,
          serial_bayou_pond_d, serial_bayou_shore_b, serial_bayou_lagoon_b,
          serial_bayou_pond_a, serial_shops, nicolae_shop_trees, nicolae_titane
D:7:      layout_rooms, grunt_temple_overflow_holy_war,
          mainiacjoe_overflow_alcove_2, enter_bailey_2
D:8:      layout_cave_pools, nicolae_wu_jian_immortal_techniques,
          mainiacjoe_overflow_paths, chequers_big_river,
          hangedman_abyss_or_decor_clamps, minmay_small_thing
D:9:      layout_loops_ring, nicolae_uskayaw_murder_on_the_dancefloor,
          kennysheep_mini_moat, trog_book, lair_entry_dummy, orc_0_dummy,
          uniq_joseph
Temple:   hellmonk_temple_beads
Lair:1:   layout_gridlike, beast_lair_carwin_8, serial_bayou_shore_a,
          lemuel_fruit_tree, infiniplex_staircase_pool, grunt_megastairs_4,
          uniq_fannar

Skill      XL: |  1  2  3  4  5  6  7  8  9 10 11 |
---------------+----------------------------------+-----
Axes           | 2 3 5 6 7 8 10 11 | 11.2
Fighting       | 4 5 6 8 9 |  9.1
Dodging        | 1 |  1.1
Throwing       | 1 3 |  3.0
Armour         | 4 5 7 8 |  8.3
Shields        | 4 5 |  5.0
Invocations    | 4 |  4.2

Action                     |  1- 3 |  4- 6 |  7- 9 | 10-12 || total
---------------------------+-------+-------+-------+-------++-------
  Melee: War axe           |    97 |   157 |   345 |   316 ||   915
  Throw: Boomerang         |       |    16 |    41 |       ||    57
         Javelin           |       |       |       |    10 ||    10
 Invoke: Heroism           |       |       |     2 |    12 ||    14
    Use: Scroll            |     5 |     7 |     9 |     3 ||    24
         Potion            |     1 |     2 |     4 |     3 ||    10
 Armour: Scale mail        |    35 |    84 |    93 |       ||   212
         Chain mail        |       |       |    82 |    68 ||   150
         Plate armour      |       |       |       |   120 ||   120
  Dodge: Dodged            |    32 |    74 |   128 |    77 ||   311
  Block: Buckler           |    24 |    40 |    45 |    52 ||   161

Table legend:
 A = Non-vault XP
 B = Vault XP
 C = Vault XP percentage of total XP
 D = Non-vault monster count
 E = Vault monster count
 F = Vault count percentage of total count
                 A         B        C        D         E       F
            +---------+---------+-------+---------+---------+-------
      Total |    7510 |    4134 |  35.5 |     177 |      38 |  17.7
            +---------+---------+-------+---------+---------+-------
        D:1 |      35 |       0 |   0.0 |      22 |       0 |   0.0
        D:2 |      40 |       0 |   0.0 |      15 |       0 |   0.0
        D:3 |     191 |       2 |   1.0 |      24 |       1 |   4.0
        D:4 |     235 |     190 |  44.7 |      20 |       9 |  31.0
        D:5 |     712 |     161 |  18.4 |      14 |       2 |  12.5
        D:6 |    1066 |    1312 |  55.2 |      22 |       3 |  12.0
        D:7 |     659 |       0 |   0.0 |       8 |       0 |   0.0
        D:8 |     533 |     536 |  50.1 |      27 |       1 |   3.6
        D:9 |    3498 |     430 |  10.9 |      22 |       1 |   4.3
     Lair:1 |     541 |    1443 |  72.7 |       3 |       5 |  62.5
      Sewer |       0 |      60 | 100.0 |       0 |      16 | 100.0
            +---------+---------+-------+---------+---------+-------
